 Dungeon Crawl Stone Soup version 0.21.1-1-g345015fe64 (webtiles) character file.

28 DildoBatman the Vexing (level 3, 0/29 HPs)
             Began as a Formicid Enchanter on Feb 20, 2018.
             Slain by an adder (3 damage)
             ... on level 2 of the Dungeon.
             The game lasted 00:03:59 (1286 turns).

DildoBatman the Vexing (Formicid Enchanter)         Turns: 1286, Time: 00:03:59

Health: 0/29       AC:  6    Str: 13    XL:     3   Next: 30%
Magic:  3/6        EV:  9    Int: 14    God:
Gold:   41         SH:  0    Dex: 11    Spells: 2/6 levels left

rFire    . . .     SeeInvis +   a - +1 dagger
rCold    . . .     Gourm    .   (no shield)
rNeg     . . .     Faith    .   j - +0 scale mail
rPois    .         Spirit   .   (helmet unavailable)
rElec    .         Reflect  .   (no cloak)
rCorr    .         Harm     .   (no gloves)
MR       .....                  (no boots)
Stlth    +.........             i - amulet of inaccuracy (curse)
HPRegen  0.09/turn              (no ring)
MPRegen  0.10/turn              (no ring)

@: lethally poisoned (0 -> -7)
A: permanent stasis, dig shafts and tunnels, four strong arms, antennae 3
a: Dig, Shaft Self


You were on level 2 of the Dungeon.
You were not hungry.

You visited 1 branch of the dungeon, and saw 2 of its levels.

You collected 41 gold pieces.

Inventory:

Hand Weapons
 a - a +1 dagger (weapon)
Armour
 j - a +0 scale mail (worn)
Jewellery
 i - a cursed amulet of inaccuracy (around neck)
Scrolls
 e - a scroll of amnesia
 f - a scroll of immolation {unknown}
 h - a scroll of enchant armour
 k - a scroll of teleportation {unknown}
Potions
 b - a potion of might {unknown}
 g - a potion of degeneration {unknown}
Books
 c - a book of Maledictions

   Spells                             Type                      Level
   a - Corona                         Hexes                        1
   b - Ensorcelled Hibernation        Hexes/Ice                    2
   c - Confuse                        Hexes                        3
   d - Tukima's Dance                 Hexes                        3
   e - Dazzling Spray                 Conjuration/Hexes            3
Comestibles
 d - a chunk of flesh
 v - 3 rations


   Skills:
 - Level 3.0 Fighting
 - Level 1.0 Short Blades
 * Level 0.0 Armour
 * Level 1.7 Dodging
 * Level 3.6 Stealth
 - Level 2.1 Spellcasting
 - Level 3.6 Hexes


You had 2 spell levels left.
You knew the following spells:

 Your Spells              Type           Power        Failure   Level  Hunger
a - Corona                Hex            ##.....      26%         1    #......
b - Confuse               Hex            ##......     61%         3    ###....


Dungeon Overview and Level Annotations

Branches:
Dungeon (2/15)

Altars:
Qazlal


Innate Abilities, Weirdness & Mutations

You cannot be hasted, slowed, berserked, paralysed or teleported.
You can dig through walls and to a lower floor.
Your four strong arms can wield two-handed weapons with a shield.
You have a pair of large antennae on your head. (SInv)


Message History

The adder is moderately wounded.
You feel sick. The adder bites you but does no damage.
You hit the adder.
The adder is heavily wounded.
The adder stops glowing.
The adder barely misses you.
You barely miss the adder.
The adder is heavily wounded.
You feel sick. The adder bites you. The adder bites you but does no damage.
You hit the adder.
The adder is severely wounded.
You feel sick. The adder barely misses you.
You closely miss the adder.
The adder is severely wounded.
The adder bites you.
You die...

.# #..#.# { . ......
#. #..#..#.#
#..#..#..#.#
#..#..#..#.# #
#..#..#.##.##.#
#........[b...#
#.....#.##S#
#.#.....#.##@##.###
##.#.............$.#
.........#####.#..###
..........# #<#..#
...#...#.## ### .#
.#..#..#..# .#
###.###...#### #
#§...§#......#
###.....##..##.#


You could see an adder and a bat.

Vanquished Creatures
  5 bats (D:1)
  A giant cockroach (D:1)
  5 goblins (D:1)
  3 hobgoblins (D:1)
  4 jackals (D:1)
  2 frilled lizards
  A kobold (D:1)
  4 rats
25 creatures vanquished.

Notes
Turn   | Place    | Note
-------+----------+-------------------------------------------
     0 | D:1      | DildoBatman the Formicid Enchanter began the quest for the Orb.
     0 | D:1      | Reached XP level 1. HP: 13/13 MP: 3/3
   140 | D:1      | Reached skill level 1 in Fighting
   188 | D:1      | Reached XP level 2. HP: 21/21 MP: 3/5
   781 | D:1      | Reached XP level 3. HP: 20/28 MP: 2/6
   786 | D:1      | Learned a level 3 spell: Confuse
  1232 | D:2      | Found a stormy altar of Qazlal.
  1286 | D:2      | Slain by an adder

Skill      XL: |  1  2  3 |
---------------+----------+-----
Fighting       | 1 2 3 |  3.0
Short Blades   | |  1.0
Dodging        | |  1.7
Stealth        | |  3.6
Spellcasting   | |  2.1
Hexes          | |  3.6

Action                   || total
-------------------------++-------
Melee: Dagger            ||   148
 Cast: Corona            ||    27
 Abil: Dig               ||     2
  Use: Scroll            ||     2
 Stab: Sleeping          ||     1
  Eat: Chunk             ||     2
Armor: Robe              ||    10
       Scale mail        ||    64
Dodge: Dodged            ||    99
